APL (24 & UNDER)
MONTGOMERY GREY SOX @ BEAVERTON BRONZE SOULS
09/23/2025
 
TOP OF THE 1ST
Montgomery Grey Sox batting - Pitching for Beaverton Bronze Souls : RHP Tim Cameron
Pitching: RHP Tim Cameron
Batting: SHB Marvin López 0-0: Swinging Strike
0-1: Ball
1-1: Foul Ball, location: 2F
1-2: Strikes out swinging
Batting: RHB Rusty Downy 0-0: Ball
1-0: Called Strike
1-1: Foul Ball, location: 2F
1-2: Ball
2-2: Foul Ball, location: 2F
2-2: Strikes out swinging
Batting: RHB Joe Courtier 0-0: Called Strike
0-1: Ball
1-1: Foul Ball, location: 2F
1-2: Fly out, F6 (Line Drive, 6)
Top of the 1st over - 0 run(s), 0 hit(s), 0 error(s), 0 left on base; Montgomery 0 - Beaverton 0
BOTTOM OF THE 1ST
Beaverton Bronze Souls batting - Pitching for Montgomery Grey Sox : LHP Orlando Costa
Pitching: LHP Orlando Costa
Batting: RHB Juan Becerra 0-0: Called Strike
0-1: Ball
1-1: Ball
2-1: Foul Ball, location: 2F
2-2: Strikes out swinging
Batting: LHB Richard Méndez 0-0: Ground out 1-3 (Groundball, 13S)
Batting: RHB Jim Villiers 0-0: Ball
1-0: Ball
2-0: Called Strike
2-1: Foul Ball, location: 2F
2-2: Strikes out swinging
Bottom of the 1st over - 0 run(s), 0 hit(s), 0 error(s), 0 left on base; Montgomery 0 - Beaverton 0
TOP OF THE 2ND
Montgomery Grey Sox batting - Pitching for Beaverton Bronze Souls : RHP Tim Cameron
Batting: LHB Al Gaines 0-0: Ground out 3-1 (Groundball, 34)
Batting: RHB Bob Johnson 0-0: Ball
1-0: Foul Ball, location: 2F
1-1: Called Strike
1-2: Ball
2-2: Foul Ball, location: 2F
2-2: Strikes out looking
Batting: SHB Hoyt Norris 0-0: Called Strike
0-1: Foul Ball, location: 2F
0-2: Ball
1-2: Strikes out swinging
Top of the 2nd over - 0 run(s), 0 hit(s), 0 error(s), 0 left on base; Montgomery 0 - Beaverton 0
BOTTOM OF THE 2ND
Beaverton Bronze Souls batting - Pitching for Montgomery Grey Sox : LHP Orlando Costa
Batting: LHB Chance Santry 0-0: Ball
1-0: Ball
2-0: Ball
3-0: Called Strike
3-1: Called Strike
3-2: Fly out, F9 (Flyball, 89D)
Batting: RHB Jaime Rodríguez 0-0: Fly out, F8 (Flyball, 8LM)
Batting: RHB Rusty Anderson 0-0: Called Strike
0-1: Called Strike
0-2: Ball
1-2: Strikes out looking
Bottom of the 2nd over - 0 run(s), 0 hit(s), 0 error(s), 0 left on base; Montgomery 0 - Beaverton 0
TOP OF THE 3RD
Montgomery Grey Sox batting - Pitching for Beaverton Bronze Souls : RHP Tim Cameron
Batting: RHB Dean Bailey 0-0: Ball
1-0: SINGLE (Groundball, 56)
Batting: RHB José Carlos Caraballo 0-0: Ball
1-0: Ball
2-0: Swinging Strike
2-1: Called Strike
2-2: Fly out, F8 (Flyball, 8RM)
Batting: RHB Sergio Gonzáles 0-0: Foul Ball, location: 2F
0-1: Foul Ball, location: 2F
0-2: Ball
1-2: Foul Ball, location: 2F
1-2: Ball
2-2: SINGLE (Line Drive, 8RS)
Dean Bailey to second
Batting: SHB Marvin López 0-0: Ball
1-0: Called Strike
1-1: Called Strike
1-2: Foul Ball, location: 2F
1-2: SINGLE (Line Drive, 34D)
Dean Bailey to third
Sergio Gonzáles to second
Batting: RHB Rusty Downy 0-0: Fly out, F2 (Popup, 2RF)
Batting: RHB Joe Courtier 0-0: Called Strike
0-1: Called Strike
0-2: Strikes out swinging
Top of the 3rd over - 0 run(s), 3 hit(s), 0 error(s), 3 left on base; Montgomery 0 - Beaverton 0
BOTTOM OF THE 3RD
Beaverton Bronze Souls batting - Pitching for Montgomery Grey Sox : LHP Orlando Costa
Batting: LHB Miguel Barrón 0-0: Called Strike
0-1: Fly out, F5 (Popup, 5S)
Batting: RHB Tom Hicks 0-0: DOUBLE (Line Drive, 89M)
Batting: LHB Howard Holder 0-0: Ball
1-0: Ball
2-0: Ball
3-0: Called Strike
3-1: Foul Ball, location: 2F
3-2: Strikes out swinging
Batting: RHB Juan Becerra 0-0: Called Strike
0-1: Foul Ball, location: 2F
0-2: Ball
1-2: Ball
2-2: Strikes out swinging
Bottom of the 3rd over - 0 run(s), 1 hit(s), 0 error(s), 1 left on base; Montgomery 0 - Beaverton 0
TOP OF THE 4TH
Montgomery Grey Sox batting - Pitching for Beaverton Bronze Souls : RHP Tim Cameron
Batting: LHB Al Gaines 0-0: Called Strike
0-1: Ball
1-1: Ball
2-1: Ball
3-1: Base on Balls
Batting: RHB Bob Johnson 0-0: SINGLE (Line Drive, 89M)
Al Gaines to second
Batting: SHB Hoyt Norris 0-0: Ball
1-0: Foul Ball, location: 2F
1-1: DOUBLE (Line Drive, 8LXD)
Al Gaines scores
Bob Johnson to third
Batting: RHB Dean Bailey 0-0: SINGLE (Line Drive, 6MD)
Bob Johnson scores
Hoyt Norris to third
Batting: RHB José Carlos Caraballo 0-0: Called Strike
0-1: Called Strike
0-2: Foul Ball, location: 2F
0-2: Ball
1-2: Ball
2-2: Ball
3-2: Strikes out looking
Batting: RHB Sergio Gonzáles 0-0: Ball
1-0: Foul Ball, location: 2F
1-1: Foul Ball, location: 2F
1-2: Strikes out looking
Batting: SHB Marvin López 0-0: Called Strike
0-1: Fielders Choice at 2nd, U4 (Groundball, 4M)
Top of the 4th over - 2 run(s), 3 hit(s), 0 error(s), 2 left on base; Montgomery 2 - Beaverton 0
BOTTOM OF THE 4TH
Beaverton Bronze Souls batting - Pitching for Montgomery Grey Sox : LHP Orlando Costa
Batting: LHB Richard Méndez 0-0: Ball
1-0: Ball
2-0: Ball
3-0: Base on Balls
Batting: RHB Jim Villiers 0-0: Hit by Pitch
Richard Méndez to second
Batting: LHB Chance Santry 0-0: Ball
1-0: Foul Ball, location: 2F
1-1: Ball
2-1: Called Strike
2-2: Ball
3-2: Foul Ball, location: 2F
3-2: Base on Balls
Richard Méndez to third
Jim Villiers to second
Batting: RHB Jaime Rodríguez 0-0: Fly out, F9 (Flyball, 9M)
Runner from 3rd tags up, SCORES, no throw
Batting: RHB Rusty Anderson 0-0: Swinging Strike
0-1: Ball
1-1: Fly out, F4 (Popup, 13S)
Batting: LHB Miguel Barrón 0-0: Ball
1-0: Foul Ball, location: 2F
1-1: Swinging Strike
1-2: Strikes out swinging
Bottom of the 4th over - 1 run(s), 0 hit(s), 0 error(s), 2 left on base; Montgomery 2 - Beaverton 1
TOP OF THE 5TH
Montgomery Grey Sox batting - Pitching for Beaverton Bronze Souls : RHP Tim Cameron
Batting: RHB Rusty Downy 0-0: Fly out, F3 (Popup, 23F)
Batting: RHB Joe Courtier 0-0: Called Strike
0-1: Ball
1-1: SOLO HOME RUN (Line Drive, 89XD), Distance : 406 ft
Pitching: RHP Víctor Hernández
Batting: LHB Al Gaines 0-0: Fly out, F9 (Flyball, 9LM)
Batting: RHB Bob Johnson 0-0: Ball
1-0: Fly out, F7 (Line Drive, 7M)
Top of the 5th over - 1 run(s), 1 hit(s), 0 error(s), 0 left on base; Montgomery 3 - Beaverton 1
BOTTOM OF THE 5TH
Beaverton Bronze Souls batting - Pitching for Montgomery Grey Sox : LHP Orlando Costa
Batting: RHB Tom Hicks 0-0: Ground out 3-1 (Groundball, 34)
Batting: LHB Howard Holder 0-0: Called Strike
0-1: Ground out 4-3 (Groundball, 4)
Batting: RHB Juan Becerra 0-0: Called Strike
0-1: SINGLE (Groundball, 56D)
Batting: LHB Richard Méndez 0-0: Called Strike
0-1: Foul Ball, location: 2F
0-2: Foul Ball, location: 2F
0-2: SINGLE (Groundball, 34)
Juan Becerra to second
Juan Becerra to third
Batting: RHB Jim Villiers 0-0: Called Strike
0-1: DOUBLE (Flyball, 78D)
Juan Becerra scores
Richard Méndez to third
Runner from 3rd tries for Home, SAFE, no throw or cutoff
Batting: LHB Chance Santry 0-0: Foul Ball, location: 2F
0-1: Ball
1-1: Foul Ball, location: 2F
1-2: Fly out, F7 (Flyball, 7LM)
Bottom of the 5th over - 2 run(s), 3 hit(s), 0 error(s), 1 left on base; Montgomery 3 - Beaverton 3
TOP OF THE 6TH
Montgomery Grey Sox batting - Pitching for Beaverton Bronze Souls : RHP Víctor Hernández
Batting: SHB Hoyt Norris 0-0: Ball
1-0: Ball
2-0: Ball
3-0: Called Strike
3-1: Base on Balls
Batting: RHB Dean Bailey 0-0: Swinging Strike
0-1: Called Strike
0-2: Strikes out swinging
Batting: RHB José Carlos Caraballo 0-0: Ball
1-0: Called Strike
1-1: Swinging Strike
1-2: Strikes out swinging
Batting: RHB Sergio Gonzáles 0-0: Foul Ball, location: 2F
0-1: Swinging Strike
0-2: Strikes out swinging
Top of the 6th over - 0 run(s), 0 hit(s), 0 error(s), 1 left on base; Montgomery 3 - Beaverton 3
BOTTOM OF THE 6TH
Beaverton Bronze Souls batting - Pitching for Montgomery Grey Sox : LHP Orlando Costa
Batting: RHB Jaime Rodríguez 0-0: Ball
1-0: Ball
2-0: Ball
3-0: Called Strike
3-1: Base on Balls
Batting: RHB Rusty Anderson 0-0: Foul Ball, location: 2F
0-1: Called Strike
0-2: Strikes out looking
Batting: LHB Miguel Barrón 0-0: Called Strike
0-1: Swinging Strike
0-2: Strikes out swinging
Batting: RHB Tom Hicks 0-0: Ball
1-0: Swinging Strike
1-1: Ball
2-1: Foul Ball, location: 2F
2-2: Foul Ball, location: 2F
2-2: Strikes out swinging
Bottom of the 6th over - 0 run(s), 0 hit(s), 0 error(s), 1 left on base; Montgomery 3 - Beaverton 3
TOP OF THE 7TH
Montgomery Grey Sox batting - Pitching for Beaverton Bronze Souls : RHP Víctor Hernández
Batting: SHB Marvin López 0-0: Called Strike
0-1: Ball
1-1: SINGLE (Groundball, 4MD)
Pinch Runner at 1st Jerry Johnston:
Batting: RHB Rusty Downy 0-0: Called Strike
0-1: Called Strike
0-2: Ground out 5-3 (Groundball, 5)
Jerry Johnston to second
Pitching: LHP Luis Carbajal
Batting: RHB Joe Courtier 0-0: Intentional Walk
Batting: LHB Al Gaines 0-0: Called Strike
0-1: Swinging Strike
0-2: Fly out, F8 (Flyball, 8RS)
Batting: RHB Bob Johnson 0-0: Called Strike
0-1: Ball
1-1: Called Strike
1-2: Strikes out swinging
Top of the 7th over - 0 run(s), 1 hit(s), 0 error(s), 2 left on base; Montgomery 3 - Beaverton 3
BOTTOM OF THE 7TH
Beaverton Bronze Souls batting - Pitching for Montgomery Grey Sox : LHP Orlando Costa
Pitching: RHP Matt Kinnieson
Now at 1B: Frederick Curtis
Batting: LHB Howard Holder 0-0: Foul Ball, location: 2F
0-1: Called Strike
0-2: Strikes out swinging
Pinch Hitting: SHB Jesús Sosa 0-0: Ball
1-0: Ball
2-0: Called Strike
2-1: Called Strike
2-2: Ball
3-2: Foul Ball, location: 2F
3-2: Foul Ball, location: 2F
3-2: Base on Balls
Pitching: LHP Lee González
Pinch Hitting: RHB Brian Dixon 0-0: Fly out, F3 (Popup, 3SF)
Batting: RHB Jim Villiers 0-0: Ball
1-0: Called Strike
1-1: 2-RUN HOME RUN (Flyball, 7D), Distance : 360 ft
Pitching: RHP Steven Browne
Batting: LHB Chance Santry 0-0: Ball
1-0: Ground out 1-3 (Groundball, 23)
Bottom of the 7th over - 2 run(s), 1 hit(s), 0 error(s), 0 left on base; Montgomery 3 - Beaverton 5
TOP OF THE 8TH
Montgomery Grey Sox batting - Pitching for Beaverton Bronze Souls : LHP Luis Carbajal
Now at 1B: Jesús Sosa
Now at SS: Brian Dixon
Batting: SHB Hoyt Norris 0-0: Ball
1-0: Called Strike
1-1: Ball
2-1: Swinging Strike
2-2: Strikes out swinging
Batting: RHB Dean Bailey 0-0: Ball
1-0: Ball
2-0: Ball
3-0: Called Strike
3-1: Called Strike
3-2: Ground out 1-3 (Groundball, 13S)
Batting: RHB José Carlos Caraballo 0-0: Ball
1-0: Called Strike
1-1: Called Strike
1-2: Foul Ball, location: 2F
1-2: Ball
2-2: Ball
3-2: Foul Ball, location: 2F
3-2: Strikes out swinging
Top of the 8th over - 0 run(s), 0 hit(s), 0 error(s), 0 left on base; Montgomery 3 - Beaverton 5
BOTTOM OF THE 8TH
Beaverton Bronze Souls batting - Pitching for Montgomery Grey Sox : RHP Steven Browne
Batting: RHB Jaime Rodríguez 0-0: Ball
1-0: Foul Ball, location: 2F
1-1: Ball
2-1: Foul Ball, location: 2F
2-2: Strikes out looking
Batting: RHB Rusty Anderson 0-0: Called Strike
0-1: Foul Ball, location: 2F
0-2: Strikes out looking
Batting: LHB Miguel Barrón 0-0: Called Strike
0-1: Foul Ball, location: 2F
0-2: Foul Ball, location: 2F
0-2: Strikes out looking
Bottom of the 8th over - 0 run(s), 0 hit(s), 0 error(s), 0 left on base; Montgomery 3 - Beaverton 5
TOP OF THE 9TH
Montgomery Grey Sox batting - Pitching for Beaverton Bronze Souls : LHP Luis Carbajal
Pitching: RHP Taylor Bowen
Batting: RHB Sergio Gonzáles 0-0: Ball
1-0: Fly out, F9 (Flyball, 9LM)
Batting: RHB Frederick Curtis 0-0: Fly out, F7 (Flyball, 78M)
Batting: RHB Rusty Downy 0-0: Ball
1-0: Foul Ball, location: 2F
1-1: Swinging Strike
1-2: Strikes out swinging
Top of the 9th over - 0 run(s), 0 hit(s), 0 error(s), 0 left on base; Montgomery 3 - Beaverton 5
This league is powered by Out of the Park Baseball, the baseball management simulation game for PC, Mac and Linux
Tuesday, August 2nd, 2016 - OOTP Baseball 16.8 Build 38